 Dungeon Crawl Stone Soup version 0.22.1-1-ga44c0e56f4 (webtiles) character file.

389 D1HalberdGnoll the Grave Robber (level 6, -2/51 HPs)
             Began as a Ghoul Necromancer on Oct 31, 2018.
             Shot with an arrow by a centaur (12 damage)
             ... on level 5 of the Dungeon.
             The game lasted 00:11:01 (3799 turns).

D1HalberdGnoll the Grave Robber (Ghoul Necromancer) Turns: 3799, Time: 00:11:02

Health: -2/51      AC:  6    Str: 11 (12) XL:     6   Next: 79%
Magic:  7/9        EV: 11    Int: 14 (15) God:
Gold:   272        SH:  0    Dex:  8 (9)  Spells: 9/11 levels left

rFire    . . .     SeeInvis .     - Unarmed
rCold    + . .     Gourm    .   (no shield)
rNeg     + + +     Faith    .   i - +0 leather armour
rPois    ∞         Spirit   .   n - +1 helmet {Int+3}
rElec    .         Reflect  .   (no cloak)
rCorr    .         Harm     .   s - +0 pair of gloves
MR       .....                  (no boots)
Stlth    +.........             (no amulet)
HPRegen  0.00/turn              (no ring)
MPRegen  0.11/turn              (no ring)

@: rotting
A: rotting body, claws 1, carnivore, cold resistance 1, negative energy
resistance 3, inhibited regeneration, torment resistance, unbreathing
a: no special abilities


You were on level 5 of the Dungeon.
You were not hungry.

You visited 1 branch of the dungeon, and saw 5 of its levels.

You collected 272 gold pieces.

Inventory:

Armour
 i - a +0 leather armour (worn)
 n - a +1 helmet of intelligence (worn)
 s - a +0 pair of gloves (worn)
Wands
 d - a wand of disintegration (25)
 k - a wand of random effects (15)
Scrolls
 a - a scroll of blinking
 b - a scroll of immolation
 e - 2 scrolls of remove curse
 g - 2 scrolls of magic mapping
 h - a scroll of fear
 o - 4 scrolls of identify
Potions
 f - 3 potions of mutation
 j - 3 potions of curing {unknown}
 l - a potion of ambrosia {unknown}
 m - 2 potions of brilliance {unknown}
 p - a potion of degeneration {unknown}
Comestibles
 c - 8 rations
 q - a chunk of flesh


   Skills:
 + Level 3.0 Fighting
 - Level 1.8 Dodging
 - Level 2.1 Stealth
 + Level 2.9 Unarmed Combat
 + Level 3.0 Spellcasting
 * Level 5.8 Necromancy


You had 9 spell levels left.
You knew the following spells:

 Your Spells              Type           Power        Failure   Level  Hunger
a - Pain                  Necr           ###.         2%          1    #......
s - Animate Skeleton      Necr           N/A          2%          1    #......

Your spell library contained the following spells:

 Spells                   Type           Power        Failure   Level  Hunger
 Vampiric Draining        Necr           ###.......   8%          3    ###....
 Regeneration             Chrm/Necr      ##........   26%         3    ###....
 Animate Dead             Necr           N/A          26%         4    #####..


Dungeon Overview and Level Annotations

Branches:
Dungeon (5/15)
 Temple: D:4-7

Altars:
Gozag
Yredelemnul
The Shining One

Shops:
D:4 [%(*?


Innate Abilities, Weirdness & Mutations

Your body is rotting away.
You thrive on raw meat.
You are immune to poison.
You have sharp fingernails.
You are carnivorous and can eat meat at any time.
Your flesh is cold resistant. (rC+)
You are immune to negative energy. (rN+++)
You do not regenerate when monsters are visible.
You are immune to unholy pain and torment.
You can survive without breathing.


Message History

It was a potion of mutation.
You feel extremely strange.
Your body decomposes!
You feel dopey.
Your body decomposes!
You feel weakened.
Your body decomposes!
You feel clumsy.
The centaur shoots an arrow.
The arrow hits you.
* * * LOW HITPOINT WARNING * * *
The centaur shoots an arrow.
The arrow hits you.
* * * LOW HITPOINT WARNING * * *
Okay, then.
The centaur shoots an arrow.
The arrow hits you but does no damage.
The centaur shoots an arrow.
The arrow hits your ogre skeleton!
The centaur unwields an uncursed shortbow.
The centaur hits your ogre skeleton.
Your ogre skeleton is destroyed!
The centaur wields an uncursed shortbow.
The centaur shoots an arrow.
The arrow hits you!
You die...

#.........# #..
###.........# #..
............#########..
....c.....(............
.....)......####....#..
#...........##....#..
###.(......#########
#........# #@.......#
#.(......# ##########


You could see a centaur.

Vanquished Creatures
  An ogre (D:5)
  A scorpion (D:4)
  An orc wizard (D:5)
  3 worker ants (D:4)
  A howler monkey zombie (D:3)
  4 adders
  2 worms
  2 leopard geckos
  4 orcs (D:5)
  3 bats (D:2)
  9 giant cockroaches
  2 goblins
  5 hobgoblins
  2 jackals (D:2)
  3 kobolds
  2 quokkas
  3 ball pythons
  5 frilled lizards
  2 quokka skeletons (D:5)
  2 rats (D:2)
57 creatures vanquished.

Vanquished Creatures (collateral kills)
  An ice beast (D:5)
  A giant cockroach (D:1)
  A rat (D:1)
3 creatures vanquished.

Grand Total: 60 creatures vanquished

Notes
Turn   | Place    | Note
-------+----------+-------------------------------------------
     0 | D:1      | D1HalberdGnoll the Ghoul Necromancer began the quest for
                  | the Orb.
     0 | D:1      | Reached XP level 1. HP: 14/14 MP: 2/2
   301 | D:1      | Learned a level 1 spell: Animate Skeleton
   483 | D:1      | Reached XP level 2. HP: 22/22 MP: 0/3
  1052 | D:2      | Reached skill level 1 in Fighting
  1248 | D:2      | Reached skill level 1 in Unarmed Combat
  1248 | D:2      | Reached XP level 3. HP: 12/28 MP: 0/5
  1626 | D:2      | Found an opulent altar of Gozag.
  2038 | D:3      | Reached XP level 4. HP: 30/35 MP: 1/6
  2478 | D:4      | Found Kutev's Assorted Antiques.
  2520 | D:4      | Found Moemocod's Magic Scroll Shoppe.
  2562 | D:4      | Found Cycweih's Antique Weapon Boutique.
  2573 | D:4      | Found Pesmoyv's Food Shoppe.
  2598 | D:4      | Found Xularet's Antique Armour Emporium.
  2638 | D:4      | Found a glowing golden altar of the Shining One.
  2764 | D:4      | Found a basalt altar of Yredelemnul.
  2795 | D:4      | Reached skill level 5 in Necromancy
  2795 | D:4      | Reached XP level 5. HP: 40/40 MP: 2/7
  3334 | D:5      | Entered Level 5 of the Dungeon
  3338 | D:5      | Reached XP level 6. HP: 48/48 MP: 4/9
  3511 | D:5      | Noticed an ice beast
  3759 | D:5      | Killed an ice beast
  3799 | D:5      | Shot with an arrow by a centaur

Skill      XL: |  1  2  3  4  5  6 |
---------------+-------------------+-----
Spellcasting   | 2 3 |  3.0
Fighting       | 1 2 3 |  3.0
Unarmed Combat | 1 2 |  2.9
Necromancy     | 5 |  5.8
Dodging        | |  1.8
Stealth        | |  2.1

Action                   |  1- 3 |  4- 6 || total
-------------------------+-------+-------++-------
Melee: Unarmed           |    62 |    30 ||    92
 Cast: Pain              |    62 |    75 ||   137
       Animate Skeleton  |     8 |     2 ||    10
  Use: Scroll            |       |    10 ||    10
       Potion            |       |     1 ||     1
 Stab: Sleeping          |     1 |       ||     1
  Eat: Chunk             |     3 |    11 ||    14
       Ration            |     1 |       ||     1
Armor: Robe              |    16 |       ||    16
       Leather armour    |       |    16 ||    16
Dodge: Dodged            |    48 |    34 ||    82
